 Dungeon Sprint DCSS version 0.31-a0-4-gefa6de2278 (webtiles) character file.

Game seed: 3038304836577683329

11 sircluck the Trooper (level 2, -2/28 HPs)
             Began as a Hill Orc Fighter on May 4, 2023.
             Was an Initiate of Beogh.
             Slain by an ogre
             ... wielding a +0 giant spiked club
              (8 damage)
             ... in the Dungeon (Sprint IX: "|||||||||||||||||||||||||||||").
             The game lasted 00:00:36 (102 turns).

sircluck the Trooper (Hill Orc Fighter)              Turns: 102, Time: 00:00:36

Health: -2/28      AC:  7    Str: 18    XL:     2   Next: 29%
Magic:  2/2        EV:  9    Int:  8    God:    Beogh [......]
Gold:   0          SH:  4    Dex: 10    Spells: 1/1 levels left

rFire   . . .        a - +0 war axe
rCold   . . .        c - +0 buckler
rNeg    . . .        b - +0 scale mail
rPois   .            (no helmet)
rElec   .            (no cloak)
rCorr   .            (no gloves)
SInv    .            (no boots)
Will    .....        (no amulet) Stlth
                     (no ring)
HPRegen 0.24/turn    (no ring)
MPRegen 0.08/turn

%: no teleportation
@: no status effects
A: no striking features
a: Renounce Religion


You were in the Dungeon.
You worshipped Beogh.
Beogh was noncommittal.
You visited 1 branch

Inventory:

Hand Weapons
 a - a +0 war axe (weapon)
Armour
 b - a +0 scale mail (worn)
 c - a +0 buckler (worn)
Scrolls
 j - a scroll of blinking
Potions
 d - a potion of might
 e - a potion of curing
 f - a potion of heal wounds
 g - a potion of haste
 h - 2 potions of magic
 i - a potion of berserk rage


   Skills:
 + Level 4.6 Fighting
 + Level 3.4 Axes
 + Level 4.2 Armour
 + Level 4.1 Shields


You had one spell level left.
You didn't know any spells.
Your spell library was empty.

Dungeon Overview and Level Annotations

Branches:
Dungeon (1/1)

Altars:
Cheibriados
Dithmenos
Elyvilon
Fedhas
Gozag
Hepliaklqana
Kikubaaqudgha
Makhleb
Nemelex Xobeh
Okawaru
Qazlal
Ru
Sif Muna
Trog
Uskayaw
Vehumet
Wu Jian
Xom
Yredelemnul
Zin
The Shining One
Beogh
Jiyva
Lugonu


Message History

Found a glowing golden altar of the Shining One.
There is a bloodstained altar of Trog here.
The orc attacks as you move away! You block the orc's attack.
There is a hide-covered altar of Uskayaw here.
The orc attacks as you move away! The orc barely misses you.
There is a radiant altar of Vehumet here.
The orc attacks as you move away! The orc hits you but does no damage.
There is an ornate altar of the Wu Jian Council here.
The orc attacks as you move away! You block the orc's attack.
There is a shimmering altar of Xom here.
There is a basalt altar of Yredelemnul here.
There is a glowing silver altar of Zin here.
There is a glowing golden altar of the Shining One here.
You open the door. The orc closely misses you.
Found five items.
Found a +0 plate armour.
There is an open door here.
The orc attacks as you move away! The orc hits you with a +0 hand axe.
* * * LOW HITPOINT WARNING * * *
Found a +3 ring of strength.
Items here: !!!!.
Found a +2 ring of evasion.
Things that are here:
2 scrolls of amnesia; a scroll of blinking You hit the orc.
The orc is heavily wounded.
The orc hits you with a +0 hand axe.
* * * LOW HITPOINT WARNING * * *
You completely miss the orc.
The orc is heavily wounded.
The orc closely misses you.
You barely miss the orc.
The orc is heavily wounded.
The orc hits you but does no damage. The orc closely misses you.
You slash the orc!
You kill the orc!
Beogh accepts your kill.
j - a scroll of blinking The ogre hits you with a +0 giant spiked club!
You die...

▓=▓
▓=▓
▓[▓
▓[▓
▓[▓
▓.▓
▓)▓
▓@▓
▓O▓
▓S▓
▓_▓
▓_▓
▓_▓
▓_▓
▓_▓
▓_▓


You could see an ogre and an adder.

Vanquished Creatures
  3 orcs (D)
  2 ball pythons (D)
  An endoplasm (D)
  A giant cockroach (D)
  A rat (D)
8 creatures vanquished.

Notes
Turn   | Place    | Note
-------+----------+-------------------------------------------
     0 | D        | sircluck the Hill Orc Fighter began the quest for the Orb.
     0 | D        | Reached XP level 1. HP: 19/19 MP: 1/1
    39 | D        | Noticed an ogre
    41 | D        | Reached XP level 2. HP: 28/28 MP: 2/2
    67 | D        | Found a roughly hewn altar of Beogh.
    67 | D        | Found a snail-covered altar of Cheibriados.
    67 | D        | Found a shadowy altar of Dithmenos.
    67 | D        | Found a white marble altar of Elyvilon.
    67 | D        | Found a blossoming altar of Fedhas.
    67 | D        | Found an opulent altar of Gozag.
    68 | D        | Found a hazy altar of Hepliaklqana.
    69 | D        | Found a viscous altar of Jiyva.
    70 | D        | Became a worshipper of Beogh the Brigand
    71 | D        | Found an ancient bone altar of Kikubaaqudgha.
    72 | D        | Found a corrupted altar of Lugonu.
    73 | D        | Found a burning altar of Makhleb.
    74 | D        | Found a sparkling altar of Nemelex Xobeh.
    75 | D        | Found an iron altar of Okawaru.
    76 | D        | Found a stormy altar of Qazlal.
    77 | D        | Found a sacrificial altar of Ru.
    78 | D        | Found a shimmering blue altar of Sif Muna.
    79 | D        | Found a bloodstained altar of Trog.
    80 | D        | Found a hide-covered altar of Uskayaw.
    81 | D        | Found a radiant altar of Vehumet.
    82 | D        | Found an ornate altar of the Wu Jian Council.
    83 | D        | Found a shimmering altar of Xom.
    84 | D        | Found a basalt altar of Yredelemnul.
    85 | D        | Found a glowing silver altar of Zin.
    86 | D        | Found a glowing golden altar of the Shining One.
   102 | D        | Slain by an ogre

Illustrated notes

Levels and vault maps discovered:
D:        linesprint [early_d, line_temple, items_1, d_10, items_2, lair_1,
          lair_end, items_3, orc_1, orc_end, items_4, d_15, swamp_1, shoals_1,
          snake_1, spider_1, d_20, vaults_1, items_5, swamp_end, shoals_end,
          snake_end, spider_end, vaults_end, d_27, items_6, zot_1, zot_end,
          crypt_end, forest_end, elf_end, slime_end, tomb_end, abyss_end,
          pan_hell_end]

Skill      XL: |  1  2 |
---------------+-------+-----
Fighting       | 4 |  4.6
Axes           | 3 |  3.4
Armour         | 4 |  4.2
Shields        | 4 |  4.1

Action                     || total
---------------------------++-------
  Melee: War axe           ||    25
    Use: Scroll            ||     1
 Armour: Scale mail        ||     8
  Dodge: Dodged            ||    19
  Block: Buckler           ||     9

Table legend: (Time is in decaauts)
 A = Elapsed time spent in this place.
 B = Non-inter-level travel time spent in this place.
 C = Inter-level travel time spent in this place.
 D = Time resting spent in this place.
 E = Time spent auto-exploring this place.
 F = Levels seen in this place.
 G = Mean time per level.
                   A        B        C        D        E       F      G
               +--------+--------+--------+--------+--------+-----+--------+
         Total |    111 |    111 |      0 |      2 |     28 |   1 |  111.0 |
       Dungeon |    111 |    111 |      0 |      2 |     28 |   1 |  111.0 |
               +--------+--------+--------+--------+--------+-----+--------+

Top non-repeatable levels by time:
       D: 111 daAuts
